[Event "Titled Tuesday Blitz February 28 Late 2023"]
[White "Golubka, Petro"]
[Black "Koc, Przemyslaw"]
[WhiteFideId "14114224"]
[BlackFideId "1109081"]
[WhiteElo "2404"]
[BlackElo "2161"]
[Result "1-0"]
[Round "07"]
[TimeControl "180+2"]
[Date "2023.02.28"]
[WhiteClock "0:01:23"]
[BlackClock "0:00:12"]

1. e4 e5 2. Qh5 Nc6 3. Bc4 g6 4. Qf3 Nf6 5. c3 Bg7 6. d3 d6 7. h3 Na5 8. Bb5+ c6 9. Ba4 b5 10. Bc2 O-O 11. Ne2 d5 12. Nd2 c5 13. Ng3 Nc6 14. O-O a5 15. a4 b4 16. Bb3 Be6 17. Rd1 Qd7 18. exd5 Nxd5 19. Nge4 Qe7 20. Nc4 Rad8 21. Bg5 f6 22. Be3 f5 23. Nxc5 Nxe3 24. Nxe6 Nxd1 25. Qxd1 Qxe6 26. Ne3 Qxb3 27. Qxb3+ Kh8 28. Rd1 f4 29. Nc4 f3 30. Ne3 fxg2 31. Kxg2 Ne7 32. cxb4 axb4 33. Qxb4 Nc6 34. Qe4 Nd4 35. a5 Rf4 36. Qb7 Rdf8 37. Rf1 Nf3 38. a6 Nd2 39. a7 Nxf1 40. Kxf1 Rxf2+ 41. Ke1 Bh6 42. Qe4 Rxb2 43. a8=Q Rb1+ 44. Ke2 Rb2+ 45. Kd1 Rb1+ 46. Kc2 1-0


[Site "https://www.chess.com"]

[Event "Titled Tuesday Blitz February 28 Late 2023"]
[White "Salimova, Nurgyul"]
[Black "Drnovsek, Gal"]
[WhiteFideId "2915138"]
[BlackFideId "14607077"]
[WhiteElo "2314"]
[BlackElo "2293"]
[Result "1-0"]
[Round "07"]
[TimeControl "180+2"]
[Date "2023.02.28"]
[WhiteClock "0:00:11"]
[BlackClock "0:00:12"]

1. d4 Nf6 2. Nf3 g6 3. g3 Bg7 4. Bg2 O-O 5. c4 d5 6. cxd5 Nxd5 7. O-O Nb6 8. Nc3 Nc6 9. e3 Be6 10. b3 a5 11. Bb2 a4 12. bxa4 Bc4 13. Re1 Nb4 14. Ba3 Nd3 15. Re2 Re8 16. Rd2 Nxa4 17. Nxa4 b5 18. Nc5 Rxa3 19. Nxd3 Bxd3 20. Rxd3 Ra4 21. Qb3 Qb8 22. Rc1 Rd8 23. Rdc3 Rc8 24. Rc5 Qa7 25. Ng5 e6 26. Nxe6 Rxa2 27. Ng5 c6 28. Rxc6 Rxc6 29. Bxc6 Ra3 30. Qxb5 h6 31. Ne4 Qe7 32. Qc5 Qxc5 33. dxc5 Ra2 34. Bd5 Kf8 35. Bxa2 Be5 36. c6 Bc7 37. Rd1 f5 38. Rd7 Be5 39. c7 Ke8 40. c8=Q# 1-0


[Site "https://www.chess.com"]

[Event "Titled Tuesday Blitz February 28 Late 2023"]
[White "Petrovic, Aleksa"]
[Black "Oro, Faustino"]
[WhiteFideId "967629"]
[BlackFideId "20000197"]
[WhiteElo "2304"]
[BlackElo "1984"]
[Result "0-1"]
[Round "07"]
[TimeControl "180+2"]
[Date "2023.02.28"]
[WhiteClock "0:00:02"]
[BlackClock "0:00:04"]

1. d4 Nf6 2. c4 e6 3. Nf3 b6 4. g3 Bb7 5. Bg2 Be7 6. O-O O-O 7. Nc3 Ne4 8. Nxe4 Bxe4 9. Ne1 Bxg2 10. Nxg2 d5 11. Qa4 c5 12. dxc5 Bxc5 13. cxd5 Qxd5 14. Be3 Bxe3 15. Nxe3 Qb7 16. Rac1 Na6 17. Qc6 Qe7 18. a3 Nc5 19. b4 Rac8 20. Qb5 Ne4 21. Qd3 f5 22. Rfd1 Rcd8 23. Qb3 f4 24. Rxd8 Rxd8 25. gxf4 Kh8 26. Nf1 Rf8 27. e3 h6 28. Ng3 Nf6 29. Rc6 Nd5 30. Qc2 Qd7 31. Rc4 Nf6 32. Rd4 Qf7 33. Qc4 Nd5 34. f5 Nc7 35. e4 Qe7 36. Qc6 exf5 37. Nxf5 Qg5+ 38. Ng3 Ne8 39. Rd5 Qg4 40. Rf5 Rg8 41. Qc1 Qh4 42. Qf4 Qh3 43. Rh5 Qe6 44. Nf5 Rf8 45. Qh4 Qg6+ 46. Kf1 Nf6 47. Ng3 Nxh5 48. Qxh5 Qf6 49. Qf5 Qa1+ 0-1


[Site "https://www.chess.com"]

[Event "Titled Tuesday Blitz February 28 Late 2023"]
[White "Dzida, Kamil"]
[Black "Costachi, Mihnea"]
[WhiteFideId "21828652"]
[BlackFideId "1217518"]
[WhiteElo "2139"]
[BlackElo "2456"]
[Result "0-1"]
[Round "07"]
[TimeControl "180+2"]
[Date "2023.02.28"]
[WhiteClock "0:01:54"]
[BlackClock "0:01:32"]

1. e4 e5 2. Nf3 Nc6 3. d4 exd4 4. Nxd4 Nf6 5. Nxc6 bxc6 6. Qe2 Bb4+ 7. c3 Bc5 8. e5 Nd5 9. Qg4 g6 10. Be2 d6 11. Qg3 O-O 12. Nd2 dxe5 13. O-O Nf4 14. Bf3 Ba6 15. Ne4 Bxf1 16. Nxc5 Be2 17. Be3 Bxf3 18. Qxf3 Qd5 19. Qd1 Qxg2# 0-1


[Site "https://www.chess.com"]

[Event "Titled Tuesday Blitz February 28 Late 2023"]
[White "Ramirez Allo, Eduardo"]
[Black "Tan, Zhongyi"]
[WhiteFideId "2224178"]
[BlackFideId "8603642"]
[WhiteElo "2469"]
[BlackElo "2519"]
[Result "0-1"]
[Round "07"]
[TimeControl "180+2"]
[Date "2023.02.28"]
[WhiteClock "0:00:04"]
[BlackClock "0:00:07"]

1. d4 d5 2. c4 e6 3. Nf3 Nf6 4. g3 Be7 5. Bg2 O-O 6. O-O dxc4 7. Qc2 a6 8. a4 Bd7 9. Qxc4 Bc6 10. Bg5 Bd5 11. Qc2 Be4 12. Qd2 c5 13. Nc3 Bc6 14. Rfd1 Nbd7 15. e3 h6 16. Bxf6 Nxf6 17. dxc5 Bxc5 18. Nd4 Bxg2 19. Kxg2 Qe7 20. Nb3 Bb4 21. Rac1 Rac8 22. Nd4 Rfd8 23. Qe2 Qe8 24. Qf3 Bxc3 25. bxc3 Rc7 26. a5 Rdc8 27. Rb1 Nd5 28. Rdc1 Qa4 29. c4 Nb4 30. Ra1 Qd7 31. c5 Rxc5 32. Rxc5 Rxc5 33. Rb1 Nd5 34. e4 Rc3 35. Qd1 Nf6 36. Nf3 Qxd1 37. Rxd1 Rc5 38. Rd8+ Kh7 39. Rb8 Rxa5 40. Rxb7 Kg8 41. e5 Ng4 42. h3 Nxe5 43. Nd4 Rd5 44. Nb3 Rb5 45. Rxb5 axb5 46. Nd4 b4 47. f4 Nc4 48. Kf3 Na5 49. Ke2 g5 50. Kd2 Kg7 51. Kd3 gxf4 52. gxf4 Kf6 53. h4 h5 54. Kd2 b3 55. Kc3 e5 56. fxe5+ Kxe5 57. Nf3+ Kf4 58. Ng5 f5 59. Ne6+ Kg4 60. Nd4 f4 61. Kb4 b2 62. Kxa5 b1=Q 0-1


[Site "https://www.chess.com"]

[Event "Titled Tuesday Blitz February 28 Late 2023"]
[White "Mirzoev, Azer"]
[Black "Wartiovaara, Oliver"]
[WhiteFideId "13400304"]
[BlackFideId "513024"]
[WhiteElo "2525"]
[BlackElo "2214"]
[Result "1-0"]
[Round "07"]
[TimeControl "180+2"]
[Date "2023.02.28"]
[WhiteClock "0:01:00"]
[BlackClock "0:00:21"]

1. c4 g6 2. Nc3 Bg7 3. Nf3 e6 4. d4 Ne7 5. e3 O-O 6. Be2 d5 7. O-O Nbc6 8. a3 e5 9. cxd5 Nxd5 10. Qb3 Nb6 11. d5 Ne7 12. e4 c6 13. Rd1 cxd5 14. exd5 Nf5 15. Bg5 Bf6 16. Bxf6 Qxf6 17. a4 Nd6 18. a5 Nd7 19. Qb4 Rd8 20. h3 Rb8 21. Rac1 b6 22. a6 Nc5 23. Ra1 e4 24. Nd4 Bd7 25. Nc6 Bxc6 26. dxc6 Rbc8 27. c7 Rd7 28. Bg4 Nf5 29. Rxd7 Nxd7 30. Nxe4 Qe5 31. Bxf5 gxf5 32. Nd6 Rxc7 33. Re1 Qc5 34. Qf4 Nf8 35. Nxf5 Ng6 36. Re8+ 1-0


[Site "https://www.chess.com"]

[Event "Titled Tuesday Blitz February 28 Late 2023"]
[White "Siddharth, Jagadeesh"]
[Black "Jovic, Stanoje"]
[WhiteFideId "5818320"]
[BlackFideId "905020"]
[WhiteElo "2303"]
[BlackElo "2236"]
[Result "1-0"]
[Round "07"]
[TimeControl "180+2"]
[Date "2023.02.28"]
[WhiteClock "0:01:25"]
[BlackClock "0:01:00"]

1. d4 Nf6 2. c4 e6 3. Nc3 Bb4 4. e3 O-O 5. Bd3 c5 6. Ne2 d5 7. cxd5 exd5 8. a3 Bxc3+ 9. bxc3 b6 10. O-O Ba6 11. Bxa6 Nxa6 12. Qd3 c4 13. Qc2 b5 14. f3 Re8 15. Ng3 Nb8 16. e4 Nc6 17. e5 Nd7 18. Nf5 Qb6 19. Qf2 Nf8 20. f4 a5 21. Nd6 Re6 22. f5 Rxd6 23. exd6 Rd8 24. f6 g6 25. Qf4 Ne6 26. Qh6 Rxd6 27. Re1 Ncd8 28. Bf4 Rd7 29. Re3 1-0


[Site "https://www.chess.com"]

[Event "Titled Tuesday Blitz February 28 Late 2023"]
[White "Leschinsky, Gary"]
[Black "Zhigalko, Sergei"]
[WhiteFideId "30951321"]
[BlackFideId "13502956"]
[WhiteElo "1855"]
[BlackElo "2626"]
[Result "1-0"]
[Round "07"]
[TimeControl "180+2"]
[Date "2023.02.28"]
[WhiteClock "0:00:33"]
[BlackClock "0:00:13"]

1. d4 Nf6 2. c4 e6 3. Nc3 Bb4 4. e3 O-O 5. Bd2 b6 6. Nf3 Bb7 7. Bd3 d5 8. cxd5 exd5 9. O-O Bd6 10. Qb1 Re8 11. b4 Ne4 12. Rd1 Nd7 13. a4 a6 14. b5 a5 15. Qc2 Qf6 16. Be1 Qh6 17. h3 Rad8 18. Ne2 Ndf6 19. Rac1 Bc8 20. Ne5 Bxh3 21. gxh3 Qxh3 22. Nf4 Qh6 23. f3 Ng5 24. Qg2 Bxe5 25. dxe5 Rxe5 26. Bf2 Ne6 27. Nxe6 fxe6 28. f4 Rh5 29. Rxc7 Rf8 30. Be2 Rh3 31. Bf3 Kh8 32. Re7 Rg8 33. Rxe6 g5 34. Rxf6 Qxf6 35. Qxh3 gxf4+ 36. Kh1 Rg6 37. Qc8+ Kg7 38. Qd7+ Kg8 39. Qxd5+ Kg7 40. Qd4 Rh6+ 41. Kg1 Rg6+ 42. Kf1 fxe3 43. Bxe3 Kf7 44. Qxf6+ Rxf6 45. Kf2 Rxf3+ 46. Kxf3 Ke6 47. Rh1 Kd5 48. Rxh7 Kc4 49. Bxb6 Kb3 50. Rh4 Ka3 51. Bxa5 Kb3 52. Bd8 Ka3 53. b6 Kb3 54. b7 Ka2 55. b8=Q Ka1 56. Rh1+ Ka2 57. Qb1+ Ka3 58. Be7+ Kxa4 59. Qb4# 1-0


[Site "https://www.chess.com"]

[Event "Titled Tuesday Blitz February 28 Late 2023"]
[White "Manelyuk, Daniil"]
[Black "Gadimbayli, Abdulla"]
[WhiteFideId "44173920"]
[BlackFideId "13404938"]
[WhiteElo "2259"]
[BlackElo "2390"]
[Result "1-0"]
[Round "07"]
[TimeControl "180+2"]
[Date "2023.02.28"]
[WhiteClock "0:01:03"]
[BlackClock "0:00:24"]

1. e4 c5 2. Nf3 d6 3. d4 cxd4 4. Nxd4 Nf6 5. Nc3 a6 6. f3 e5 7. Nb3 Be6 8. Be3 Be7 9. Qd2 O-O 10. O-O-O Nbd7 11. g4 b5 12. g5 Nh5 13. Kb1 Nb6 14. Na5 Qc7 15. Nd5 Nxd5 16. exd5 Bd7 17. Bd3 Rac8 18. Be4 f5 19. gxf6 Nxf6 20. Rhg1 Nxe4 21. fxe4 Rf7 22. Rg2 g6 23. a3 Rf3 24. Rdg1 Rxe3 25. Qxe3 Qxa5 26. Qh6 Be8 27. Qh3 Qc7 28. Rf1 Qd7 29. Qh6 b4 30. Rgf2 1-0


[Site "https://www.chess.com"]

[Event "Titled Tuesday Blitz February 28 Late 2023"]
[White "Makridis, Dimitrios"]
[Black "Koellner, Ruben Gideon"]
[WhiteFideId "25864475"]
[BlackFideId "12993093"]
[WhiteElo "2277"]
[BlackElo "2303"]
[Result "1-0"]
[Round "07"]
[TimeControl "180+2"]
[Date "2023.02.28"]
[WhiteClock "0:01:32"]
[BlackClock "0:00:15"]

1. Nc3 d6 2. e4 Nf6 3. d4 e5 4. Bc4 exd4 5. Qxd4 Be7 6. Nf3 Nc6 7. Qd1 O-O 8. h3 Ne5 9. Nxe5 dxe5 10. Qe2 c6 11. O-O b5 12. Bb3 a5 13. a4 b4 14. Nd1 Ba6 15. Bc4 Bxc4 16. Qxc4 Qd4 17. Ne3 Qxe4 18. b3 Qxc4 19. Nxc4 Nd5 20. Nxe5 Bf6 21. Bb2 Rfe8 22. Rfe1 Re6 23. Nc4 Bxb2 24. Nxb2 Nb6 25. Rxe6 fxe6 26. Rd1 Kf7 27. Rd6 Rc8 28. Kf1 Ke7 29. Rd4 c5 30. Rg4 Kf6 31. Rf4+ Ke7 32. Nc4 Nxc4 33. Rxc4 Kd6 34. Ke2 Rf8 35. Ke3 Rf5 36. g4 Re5+ 37. Re4 Rd5 38. Ke2 g5 39. f4 h6 40. fxg5 hxg5 41. Re3 Re5 42. Rxe5 Kxe5 43. Kf3 Kd4 44. h4 gxh4 45. g5 Ke5 46. Kg4 h3 47. Kxh3 Kf5 48. Kh4 e5 49. Kh5 e4 50. g6 Kf6 51. Kh6 e3 52. g7 Kf7 53. Kh7 e2 54. g8=Q+ Kf6 55. Qg1 Ke5 56. Qe1 Kd4 57. Qd2+ Ke4 58. Qxe2+ Kd4 59. Qc4+ Ke3 60. Kg6 Kd2 61. Kf5 Kc1 62. Ke4 Kb2 63. Kd3 Ka2 64. Qxc5 Ka1 65. Qxa5 Kb2 66. Qxb4 Ka1 67. c4 Ka2 68. Qc3 Kb1 69. Kd2 Ka2 70. Kc2 Ka3 71. c5 Ka2 72. Qb2# 1-0


[Site "https://www.chess.com"]

[Event "Titled Tuesday Blitz February 28 Late 2023"]
[White "EREBUNI91"]
[Black "Berezin, Viktor"]
[BlackFideId "14107872"]
[WhiteElo "2719"]
[BlackElo "2310"]
[Result "1/2-1/2"]
[Round "07"]
[TimeControl "180+2"]
[Date "2023.02.28"]
[WhiteClock "0:00:04"]
[BlackClock "0:00:12"]

1. e4 g6 2. d4 Bg7 3. Nc3 d6 4. Nf3 Nf6 5. h3 O-O 6. Be3 c6 7. Qd2 b5 8. Bd3 Nbd7 9. O-O e5 10. Rad1 Qc7 11. Rfe1 Re8 12. Bh6 Bh8 13. Bf1 Bb7 14. dxe5 dxe5 15. Qd6 Qxd6 16. Rxd6 Bg7 17. Bxg7 Kxg7 18. Red1 Rad8 19. g4 h6 20. h4 Bc8 21. Rxc6 b4 22. Nb5 Nxe4 23. Nxa7 Bb7 24. Rc7 Nec5 25. Ne1 Re7 26. Rxc5 Nxc5 27. Rxd8 Be4 28. Nb5 f5 29. Nd6 Kf6 30. Nxe4+ Nxe4 31. gxf5 gxf5 32. Bg2 Nc5 33. Nd3 Na4 34. Rd6+ Kg7 35. b3 Nc3 36. Ra6 e4 37. Nxb4 Ne2+ 38. Kf1 Nf4 39. Nc6 Rd7 40. Ra7 Rxa7 41. Nxa7 Nd5 42. a4 Kf6 43. a5 Ke5 44. a6 Nb4 45. Nb5 Nxa6 46. c4 Nc5 47. b4 Nd3 48. Ke2 Nxb4 49. Nc3 Kd4 50. Nb5+ Kc5 51. Bh3 f4 52. Bf5 e3 53. fxe3 fxe3 54. Kxe3 Kxc4 55. Nd6+ Kd5 56. Nf7 h5 57. Bg6 Ke6 58. Bxh5 Kf6 59. Ng5 Nd5+ 60. Kf3 Ne7 61. Bg4 Ng6 62. Kg3 Nxh4 63. Kxh4 Kg6 64. Bh5+ Kf6 65. Kg4 Ke5 66. Nh3 Ke4 67. Nf4 Ke5 68. Kf3 Kf5 69. Bg4+ Ke5 70. Ke3 Kf6 71. Ke4 Kg5 72. Bc8 Kf6 73. Nd5+ Kg6 74. Bf5+ Kg7 75. Ke5 Kf7 76. Nf4 Kg7 77. Ke6 Kh6 78. Nd5 Kg7 79. Bd3 Kh6 80. Kf6 Kh5 81. Ne7 Kg4 82. Bf5+ Kf4 83. Ng6+ Ke3 84. Ke5 Kf3 85. Nf4 Ke3 86. Be4 Kd2 87. Kd4 Kc1 88. Kc3 Kd1 89. Bd3 Kc1 90. Ne2+ Kd1 91. Nd4 Kc1 92. Nb3+ Kd1 93. Bc4 Ke1 94. Kd4 Kf2 95. Nd2 Kg3 96. Ke3 Kg4 97. Ne4 Kf5 98. Kd4 Kg6 99. Ke5 Kh6 100. Kf6 Kh5 101. Ng5 Kg4 102. Bd5 Kf4 103. Ne6+ Ke3 104. Ke5 Kd2 105. Nd4 Kc3 106. Nb5+ Kb4 107. Nc7 Kc3 108. Be4 Kb4 109. Nd5+ Kb3 110. Kd4 Kb2 111. Nc3 Kb3 112. Bd5+ Kc2 113. Bc4 1/2-1/2


[Site "https://www.chess.com"]

[Event "Titled Tuesday Blitz February 28 Late 2023"]
[White "Florescu, Codrut-Constantin"]
[Black "Erdogdu, Mert"]
[WhiteFideId "1202200"]
[BlackFideId "6301495"]
[WhiteElo "2191"]
[BlackElo "2407"]
[Result "1-0"]
[Round "07"]
[TimeControl "180+2"]
[Date "2023.02.28"]
[WhiteClock "0:01:06"]
[BlackClock "0:00:43"]

1. e4 c5 2. Nf3 d6 3. d4 cxd4 4. Nxd4 Nf6 5. Nc3 a6 6. f4 e6 7. Qf3 Qb6 8. a3 Nc6 9. Nxc6 bxc6 10. b3 d5 11. Bb2 Be7 12. O-O-O O-O 13. Bd3 Bb7 14. e5 Nd7 15. Qh3 g6 16. Qg3 Nc5 17. h4 a5 18. h5 Nxd3+ 19. Rxd3 Ba6 20. hxg6 fxg6 21. Qh3 Rf7 22. Rg3 Rg7 23. Qxe6+ Kf8 24. Nxd5 Qf2 25. Nxe7 Qxg3 26. Qf6+ Rf7 27. Nxg6+ Qxg6 28. Qxg6 hxg6 29. Rh8+ Ke7 30. Rxa8 Bf1 31. Ra7+ Ke6 32. Rxf7 Kxf7 33. g3 Ke6 34. Bc3 a4 35. bxa4 Kd5 36. Kd2 Bh3 37. a5 c5 38. a6 Kc6 39. Ba5 Bf5 40. a7 Kb7 41. Bb6 c4 42. c3 Be4 43. Bd4 Bf5 44. Ke3 Be6 45. Kf3 Bd5+ 46. Kg4 Be4 47. Kg5 1-0


[Site "https://www.chess.com"]

[Event "Titled Tuesday Blitz February 28 Late 2023"]
[White "Averjanov, Alexey"]
[Black "Djokic, Mihailo"]
[WhiteFideId "14109867"]
[BlackFideId "976440"]
[WhiteElo "2665"]
[BlackElo "2294"]
[Result "1-0"]
[Round "07"]
[TimeControl "180+2"]
[Date "2023.02.28"]
[WhiteClock "0:00:14"]
[BlackClock "0:00:01"]

1. d4 Nf6 2. c4 g6 3. Nc3 Bg7 4. e4 d6 5. Be2 O-O 6. Nf3 Bg4 7. Ng1 h5 8. Be3 a5 9. h3 Bd7 10. g4 hxg4 11. hxg4 e5 12. d5 Na6 13. g5 Ne8 14. Bg4 f5 15. gxf6 Nxf6 16. Bxd7 Qxd7 17. f3 Nh5 18. Qd2 Nc5 19. O-O-O a4 20. Qg2 Rf6 21. Nge2 a3 22. b3 Raf8 23. Rdg1 Nd3+ 24. Kc2 Ndf4 25. Nxf4 Nxf4 26. Bxf4 exf4 27. Ne2 Qe7 28. Qg5 Qe5 29. Qxe5 dxe5 30. c5 Kf7 31. b4 Ra6 32. Kb3 Rh8 33. Rxh8 Bxh8 34. Nc3 Bf6 35. Nb5 Bd8 36. Nxa3 g5 37. Nc4 Bf6 38. Rh1 Kg6 39. b5 Ra8 40. a4 g4 41. fxg4 Kg5 42. Rh5+ Kxg4 43. Rf5 Bg7 44. d6 cxd6 45. Nxd6 f3 46. Kb4 Bh6 47. Nc4 Bf4 48. Nxe5+ Bxe5 49. Rxe5 Rf8 50. Rd5 f2 51. Rd1 Rf4 52. Rf1 Rxe4+ 53. Ka5 Kf3 54. c6 bxc6 55. bxc6 Ke2 56. Rh1 f1=Q 57. Rxf1 Kxf1 58. c7 Rc4 59. Kb6 Rb4+ 60. Kc5 Rb1 61. Kd6 Rd1+ 62. Kc6 Rc1+ 63. Kb7 Ra1 64. c8=Q Rb1+ 1-0


[Site "https://www.chess.com"]

[Event "Titled Tuesday Blitz February 28 Late 2023"]
[White "Lewtak, Damian"]
[Black "Remolar Gallen, Jose"]
[WhiteFideId "1141724"]
[BlackFideId "2215187"]
[WhiteElo "2302"]
[BlackElo "2223"]
[Result "1-0"]
[Round "07"]
[TimeControl "180+2"]
[Date "2023.02.28"]
[WhiteClock "0:00:10"]
[BlackClock "0:00:03"]

1. e4 c5 2. Nf3 d6 3. Bb5+ Nd7 4. O-O a6 5. Bd3 Ngf6 6. Re1 e6 7. c4 Be7 8. Nc3 O-O 9. Bf1 b6 10. d4 cxd4 11. Nxd4 Bb7 12. b3 Qc7 13. Bb2 Rfd8 14. Rc1 Nc5 15. Bd3 Nxd3 16. Qxd3 Nd7 17. Qg3 Bf6 18. Nf3 Rac8 19. Na4 Bxb2 20. Nxb2 Nc5 21. Nd2 Bc6 22. Qe3 Qb7 23. b4 Nd7 24. f3 Ne5 25. Nb3 Be8 26. a3 Rc7 27. Red1 Rcd7 28. Rd2 Rc8 29. f4 Ng6 30. Rcd1 Qc7 31. g3 Rcd8 32. Na4 Rb8 33. Nb2 Ne7 34. Nd4 Rdd8 35. Nf3 Bc6 36. Ng5 h6 37. Nf3 Ba8 38. Re1 Rbc8 39. Nd4 Nc6 40. Red1 Nxd4 41. Rxd4 Qc6 42. a4 f5 43. b5 axb5 44. axb5 Qb7 45. Rxd6 Rxd6 46. Rxd6 fxe4 47. Rxb6 Qa7 48. Kf2 Rd8 49. Ke2 Qa2 50. Qc3 e3 51. Ra6 Rd2+ 52. Kxe3 Qxb2 53. Qxb2 Rxb2 54. Rxa8+ Kf7 55. Kd4 Kf6 56. Kc5 Rxh2 57. b6 h5 58. b7 1-0


[Site "https://www.chess.com"]

[Event "Titled Tuesday Blitz February 28 Late 2023"]
[White "Roberson, Peter T"]
[Black "Papasimakopoulos, Alexandros"]
[WhiteFideId "412384"]
[BlackFideId "4244125"]
[WhiteElo "2346"]
[BlackElo "2359"]
[Result "0-1"]
[Round "07"]
[TimeControl "180+2"]
[Date "2023.02.28"]
[WhiteClock "0:00:01"]
[BlackClock "0:00:04"]

1. d4 e6 2. Bf4 c5 3. e3 Qb6 4. Nc3 Nf6 5. a3 a6 6. Nf3 d5 7. Bd3 cxd4 8. exd4 Nc6 9. O-O Bd7 10. Ne2 Be7 11. Rb1 O-O 12. c3 Na5 13. Re1 Bb5 14. Bc2 Nd7 15. Ng3 Nc4 16. h4 Nd6 17. Ne5 Nxe5 18. dxe5 Nc4 19. Qg4 Kh8 20. h5 h6 21. Ne2 Bc5 22. Qg3 f5 23. Bc1 Be8 24. Nf4 a5 25. a4 Rd8 26. b3 Na3 27. Bxa3 Bxa3 28. Rbd1 Rc8 29. Rd3 Bf7 30. Ng6+ Bxg6 31. hxg6 Rc7 32. Qf4 Kg8 33. Rh3 Rfc8 34. Ree3 Bf8 35. Bd1 d4 36. cxd4 Rc1 37. Rd3 Rb1 38. Kh2 Rd8 39. Bf3 Rb2 40. d5 Qxf2 41. Rh5 Rb1 42. dxe6 Qg1+ 43. Kh3 Re8 44. Bd5 Be7 45. Qh2 Qf1 46. Bf3 Qxd3 0-1


[Site "https://www.chess.com"]

[Event "Titled Tuesday Blitz February 28 Late 2023"]
[White "Nilsen, Tobias Lang"]
[Black "Martynov, Pavel"]
[WhiteFideId "1521624"]
[BlackFideId "4101260"]
[WhiteElo "2195"]
[BlackElo "2314"]
[Result "0-1"]
[Round "07"]
[TimeControl "180+2"]
[Date "2023.02.28"]
[WhiteClock "0:00:29"]
[BlackClock "0:01:33"]

1. e4 c5 2. Nf3 e6 3. d4 cxd4 4. Nxd4 Nc6 5. Nc3 Qc7 6. Be3 a6 7. Qf3 b5 8. Nxc6 Qxc6 9. Bd3 Bb7 10. O-O Nf6 11. Rfe1 b4 12. Ne2 Nxe4 13. Nd4 Qd5 14. Rad1 Nc5 15. Qxd5 Bxd5 16. Bf1 Be7 17. Nf5 exf5 18. Rxd5 Ne6 19. Red1 f4 20. Bb6 Rb8 21. Ba5 O-O 22. Rxd7 Bf6 23. b3 Rfc8 24. Bc4 Rc5 25. R1d5 Rxd5 26. Rxd5 g5 27. Rd6 g4 28. Bxe6 fxe6 29. Rxe6 Kf7 30. Re4 Rc8 31. Rxf4 Rxc2 32. g3 Ke6 33. Bxb4 h6 34. Rxg4 Rxa2 35. Rg6 Kf7 36. Rxh6 Bd4 37. Kg2 Rxf2+ 38. Kh3 Bf6 39. Bc5 Rf5 40. b4 Kg7 41. g4 Rxc5 42. Rh5 Rxh5+ 43. gxh5 Kh6 44. Kg4 Bc3 45. Kf5 Bxb4 46. Ke4 Kxh5 47. Kd3 a5 48. Kc2 Kh4 49. Kb3 Kh3 50. Ka2 Kxh2 51. Kb1 Kg3 52. Ka1 Kf4 53. Kb1 Ke5 54. Ka1 Kd5 55. Kb1 Kc5 56. Ka1 Kb5 57. Kb1 a4 58. Ka1 Kc4 59. Kb1 Kb3 60. Ka1 a3 61. Kb1 Bc3 62. Kc1 a2 63. Kd1 a1=Q+ 64. Ke2 Qc1 65. Kf3 Qe1 0-1


[Site "https://www.chess.com"]

[Event "Titled Tuesday Blitz February 28 Late 2023"]
[White "Zhu, Jiner"]
[Black "Golubev, Mikhail"]
[WhiteFideId "8608059"]
[BlackFideId "14100983"]
[WhiteElo "2384"]
[BlackElo "2374"]
[Result "1-0"]
[Round "07"]
[TimeControl "180+2"]
[Date "2023.02.28"]
[WhiteClock "0:00:32"]
[BlackClock "0:00:08"]

1. c4 g6 2. d4 Bg7 3. Nc3 Nf6 4. e4 d6 5. Be2 O-O 6. Be3 c5 7. d5 e6 8. Nf3 exd5 9. cxd5 b5 10. e5 dxe5 11. Bxc5 Re8 12. Bxb5 Bd7 13. Bxd7 Nbxd7 14. Be3 Nb6 15. O-O Nbxd5 16. Nxd5 Qxd5 17. Qe2 e4 18. Nd2 Qe6 19. Rac1 Nd5 20. Nc4 f5 21. Rfd1 f4 22. Rxd5 Qxd5 23. Bxf4 Qd3 24. Qe1 Rad8 25. b3 a6 26. h3 Rd5 27. Qb4 Bd4 28. Ne3 Rd7 29. Rd1 Bxe3 30. Rxd3 exd3 31. Bxe3 Rxe3 32. Qc4+ Kg7 33. Qc3+ Kg8 34. fxe3 d2 35. Qc8+ 1-0


[Site "https://www.chess.com"]

[Event "Titled Tuesday Blitz February 28 Late 2023"]
[White "Haydon, David L"]
[Black "Aung Thant Zin"]
[WhiteFideId "415405"]
[BlackFideId "13000063"]
[WhiteElo "2326"]
[BlackElo "2278"]
[Result "1/2-1/2"]
[Round "07"]
[TimeControl "180+2"]
[Date "2023.02.28"]
[WhiteClock "0:00:25"]
[BlackClock "0:00:07"]

1. e4 c5 2. Nf3 Nc6 3. Bb5 e6 4. O-O Nge7 5. Re1 a6 6. Bf1 d5 7. exd5 Nxd5 8. d3 Be7 9. Nbd2 O-O 10. a4 b6 11. Nc4 Bb7 12. Bd2 Rc8 13. Nce5 Nxe5 14. Nxe5 Bf6 15. Qg4 Qd6 16. Nc4 Qc7 17. Bg5 b5 18. axb5 axb5 19. Ne3 Bxb2 20. Rab1 Bc3 21. Nxd5 Bxd5 22. Re3 f5 23. Qh4 b4 24. Rg3 Bf6 25. Bxf6 Rxf6 26. Qxf6 Qxg3 27. Qxe6+ Bxe6 28. hxg3 Ra8 29. Re1 Kf7 30. Re5 Rc8 31. f4 g6 32. Be2 Ba2 33. Kf2 Bb1 34. Bd1 b3 35. cxb3 Bxd3 36. Ke3 c4 37. b4 Rb8 38. b5 Bf1 39. Kf2 Bd3 40. Ba4 c3 41. Ke3 c2 42. Kd2 Rc8 43. Kc1 Be4 44. Bb3+ Kg7 45. Re7+ Kh6 46. Be6 Rc5 47. Bg8 g5 48. Re6+ Kg7 49. b6 Rb5 50. Rxe4 fxe4 51. Bc4 Rxb6 52. Bd5 gxf4 53. gxf4 e3 54. Kxc2 Kf6 55. Bf3 Kf5 56. Kd3 Rb3+ 57. Ke2 Kxf4 58. Bd5 Rb2+ 59. Ke1 Kg3 60. Kf1 Rf2+ 61. Ke1 Rxg2 62. Bxg2 Kxg2 63. Ke2 h5 64. Kxe3 h4 65. Kf4 h3 66. Kg5 h2 67. Kf4 h1=Q 68. Ke5 Qd1 69. Kf6 Kf3 70. Ke5 Kg4 71. Kf6 Kf4 72. Ke7 Kf5 73. Kf8 Kf6 74. Ke8 Qd6 1/2-1/2


[Site "https://www.chess.com"]

[Event "Titled Tuesday Blitz February 28 Late 2023"]
[White "Rottenwohrer Suarez, Juan"]
[Black "Blomqvist, Erik"]
[WhiteFideId "32068182"]
[BlackFideId "1709437"]
[WhiteElo "2174"]
[BlackElo "2436"]
[Result "0-1"]
[Round "07"]
[TimeControl "180+2"]
[Date "2023.02.28"]
[WhiteClock "0:02:09"]
[BlackClock "0:01:21"]

1. c4 e5 2. g3 d5 3. cxd5 Qxd5 4. Nf3 Nc6 5. Nc3 Qd8 6. Bg2 Nf6 7. O-O h6 8. d3 Bd6 9. a3 a5 10. Be3 O-O 11. Na4 Re8 12. Rc1 Bf5 13. Bc5 Qe7 14. Bxd6 cxd6 15. h3 d5 16. Nh4 Bh7 17. e4 dxe4 18. dxe4 Bxe4 19. Bxe4 Nxe4 20. Re1 Ng5 21. Kg2 Rad8 22. Qg4 Rd4 23. Nf5 Qf6 24. Nxd4 Nxd4 25. Rc8 Rxc8 26. Qxc8+ Kh7 27. Qg4 Qc6+ 0-1


[Site "https://www.chess.com"]

[Event "Titled Tuesday Blitz February 28 Late 2023"]
[White "Adewumi, Tanitoluwa"]
[Black "ArchibaldCerveza29"]
[WhiteFideId "30966396"]
[WhiteElo "2664"]
[BlackElo "2506"]
[Result "1-0"]
[Round "07"]
[TimeControl "180+2"]
[Date "2023.02.28"]
[WhiteClock "0:00:07"]
[BlackClock "0:00:11"]

1. e4 e5 2. Nf3 Nc6 3. Nc3 Nf6 4. Bb5 Nd4 5. O-O Nxb5 6. Nxb5 c6 7. Nc3 d6 8. d4 exd4 9. Qxd4 Be7 10. Bf4 Be6 11. Rad1 Qa5 12. Bxd6 Rd8 13. Qe5 Qxe5 14. Bxe5 Rxd1 15. Rxd1 O-O 16. Bd6 Bxd6 17. Rxd6 Re8 18. h3 h6 19. a3 Kf8 20. Rd1 Nh5 21. Ne2 Bc4 22. Nc3 Nf4 23. Rd7 Ba6 24. Nd4 g6 25. f3 c5 26. Nb3 Ne6 27. Kf2 Re7 28. Rd6 Bc4 29. Na5 Ba6 30. Nd5 Re8 31. Nf6 Rd8 32. Rxd8+ Nxd8 33. Nd7+ Ke7 34. Nxc5 Bb5 35. Ncxb7 Ne6 36. c4 Ba4 37. Ke3 Kd7 38. b4 Kc7 39. Nc5 Nxc5 40. bxc5 a6 41. h4 Bc2 42. g3 f5 43. exf5 Bxf5 44. Kd4 Be6 45. g4 h5 46. gxh5 gxh5 47. Ke5 Bh3 48. f4 Kd7 49. f5 Bg4 50. f6 Bh3 51. Kf4 Bg4 52. Kg5 Ke6 53. Kg6 Bf5+ 54. Kg7 Bg6 55. Kxg6 Ke5 56. f7 Kd4 57. f8=Q Kc3 58. c6 Kb2 59. c7 Ka2 60. c8=Q Kb2 61. Qb7+ Ka2 62. Qf2+ Ka1 63. Nb3+ Kb1 64. Nd4+ Kc1 65. Qbb2+ Kd1 66. Qfc2+ Ke1 67. Qd2+ Kf1 68. Qe2+ Kg1 69. Nf3+ Kh1 70. Kxh5 a5 71. Kg4 a4 72. Qf1# 1-0


[Site "https://www.chess.com"]